 Seeded DCSS version 0.31-a0-214-gb37851dbb3 (webtiles) character file.

Game seed: 17612545735370830489 (custom seed)

30 innerfire43 the Trooper (level 3, -1/29 HPs)
             Began as a Demonspawn Monk on July 1, 2023.
             Slain by Robin
             ... wielding a +0 dagger
              (2 damage)
             ... on level 2 of the Dungeon.
             The game lasted 00:01:15 (584 turns).

innerfire43 the Trooper (Demonspawn Monk)            Turns: 584, Time: 00:01:16

Health: -1/29      AC:  2    Str: 13    XL:     3   Next: 5%
Magic:  3/3        EV:  8    Int: 13    God:
Gold:   182        SH: 21    Dex: 15    Spells: 2/2 levels left

rFire   . . .        a - +0 spear
rCold   . . .        h - +10 tower shield of Ignorance {rN+ Int-4}
rNeg    + . .        b - +0 robe
rPois   .            (no helmet)
rElec   .            (no cloak)
rCorr   .            (no gloves)
SInv    .            (no boots)
Will    .....        (no amulet)
Stlth   +            f - +6 ring of intelligence
HPRegen 0.24/turn    (no ring)
MPRegen 0.08/turn

%: no passive effects
@: no status effects
A: powered by pain 1, weakness stinger 1
a: no special abilities


You were on level 2 of the Dungeon.
You visited 1 branch of the dungeon, and saw 2 of its levels.

You collected 938 gold pieces.
You spent 756 gold pieces at shops.

Inventory:

Hand Weapons
 a - a +0 spear (weapon)
 j - a +6 short sword of holy wrath
Armour
 b - a +0 robe (worn)
 d - an orb of light
 h - the +10 tower shield of Ignorance (worn) {rN+ Int-4}
   (You bought it in a shop on level 1 of the Dungeon)

   Int:       It affects your intelligence (-4).
   rN:        It protects you from negative energy.
Jewellery
 f - a +6 ring of intelligence (left hand)
Scrolls
 g - a scroll of identify {unknown}
 i - a scroll of brand weapon {unknown}
Potions
 c - 3 potions of ambrosia
 e - 2 potions of brilliance {unknown}


   Skills:
 + Level 3.4 Fighting
 + Level 3.1 Polearms
 + Level 3.1 Dodging


You had 2 spell levels left.
You didn't know any spells.
Your spell library contained the following spells:

 Spells                   Type           Power      Damage    Failure   Level
 Slow                     Hex            0%         N/A       100%        1
 Confusing Touch          Hex            0%         N/A       100%        3
 Vampiric Draining        Necr           0%         2d6       100%        3


Dungeon Overview and Level Annotations

Branches:
Dungeon (2/15)

Altars:

Shops:
D:1 ([??

Annotations:
D:2 Robin


Innate Abilities, Weirdness & Mutations

You sometimes gain a little power by taking damage.
You have a small tail.


Message History

You barely miss the goblin.
The goblin is severely wounded.
You block the goblin's attack. x3; The goblin hits you with a +0 club.
Unknown command.
You hit the goblin.
You kill the goblin!
You block the goblin's attack.
Unknown command.
You hit Robin.
Robin is lightly wounded.
You block the goblin's attack. You block Robin's attack. x2
The goblin barely misses you.
You barely miss Robin.
Robin is lightly wounded.
You block the goblin's attack. You block Robin's attack.
Unknown command.
You hit Robin. You tail-slap Robin.
Robin is heavily wounded.
You block the goblin's attack. Robin hits you with a +0 dagger.
The goblin hits you with a +0 club. Robin hits you with a +0 dagger.
* * * LOW HITPOINT WARNING * * *
Unknown command.
You hit Robin but do no damage. You tail-slap Robin, but do no damage.
Robin is heavily wounded.
The goblin hits you with a +0 club.
* * * LOW HITPOINT WARNING * * *
Robin hits you with a +0 dagger.
* * * LOW HITPOINT WARNING * * *
Unknown command.
You barely miss Robin.
Robin is heavily wounded.
The goblin no longer looks unusually strong.
You block the goblin's attack.
Robin drinks a potion.
Robin is healed!
The goblin closely misses you.
Robin roars a battlecry!
The goblin goes into a battle-frenzy!
You hit Robin.
Robin is lightly wounded.
You block the goblin's attack. Robin hits you with a +0 dagger.
You die...

...# ## ... . ... ##
#.#.... .#.#. .l. ##
#g# #.# #@# #.###g##
######.# #.#...#
####.....# ##..#......
..##.####.###.#...#####
#.......##.#.######
..##.##.###.###
..##.##.......#
.....##.###.#.#


You could see Robin, a goblin (strong) and a frilled lizard.

Vanquished Creatures
  A dart slug (D:2)
  2 bats
  An endoplasm (D:2)
  10 goblins
  3 hobgoblins
  A ball python (D:2)
  A frilled lizard (D:1)
  3 kobolds (D:1)
  2 rats (D:1)
24 creatures vanquished.

Notes
Turn   | Place    | Note
-------+----------+-------------------------------------------
     0 | D:1      | innerfire43 the Demonspawn Monk began the quest for the
                  | Orb.
     0 | D:1      | Reached XP level 1. HP: 18/18 MP: 1/1
    26 | D:1      | Found Wezuit Hoju's Antique Weapon Shoppe.
    65 | D:1      | Found Apnaij's Armour Emporium.
    99 | D:1      | Found Raxki's Magic Scroll Shop.
   155 | D:1      | Gained mutation: You sometimes gain a little power by
                  | taking damage. [demonic ancestry]
   155 | D:1      | Reached XP level 2. HP: 24/24 MP: 2/2
   230 | D:1      | Found Irownig's Magic Scroll Shoppe.
   406 | D:1      | Identified a scroll of acquirement
   406 | D:1      | Acquired 816 gold pieces
   423 | D:1      | Bought the +10 tower shield of Ignorance {rN+ Int-4} for
                  | 630 gold pieces
   423 | D:1      | Found the +10 tower shield of Ignorance {rN+ Int-4}
   435 | D:1      | Bought a glowing short sword for 126 gold pieces
   542 | D:2      | Noticed Robin
   575 | D:2      | Gained mutation: You have a small tail. [demonic ancestry]
   575 | D:2      | Reached XP level 3. HP: 24/29 MP: 3/3
   582 | D:2      | HP: 1/29 [Robin/+0 dagger (3)]
   584 | D:2      | Slain by Robin

Illustrated notes

Levels and vault maps discovered:
D:1:      grunt_arrival_crossed_arrows, layout_rooms, serial_shops,
          nicolae_shop_tiny_real_fake_doors, shop, nicolae_shop_tiny_waterfront,
          shop_coins
D:2:      layout_loops_cross, uniq_crazy_yiuf_cottage, uniq_robin

Skill      XL: |  1  2 |
---------------+-------+-----
Polearms       | 3 |  3.1
Dodging        | 3 |  3.1
Fighting       | |  3.4

Action                     || total
---------------------------++-------
  Melee: Spear             ||    83
         Tailslap          ||     2
    Use: Scroll            ||     1
   Stab: Sleeping          ||     1
 Armour: Robe              ||     6
  Dodge: Dodged            ||    14
  Block: Tower shield      ||    55

Table legend: (Time is in decaauts)
 A = Elapsed time spent in this place.
 B = Non-inter-level travel time spent in this place.
 C = Inter-level travel time spent in this place.
 D = Time resting spent in this place.
 E = Time spent auto-exploring this place.
 F = Levels seen in this place.
 G = Mean time per level.
                   A        B        C        D        E       F      G
               +--------+--------+--------+--------+--------+-----+--------+
         Total |    611 |    584 |     27 |      0 |    408 |   2 |  305.5 |
       Dungeon |    611 |    584 |     27 |      0 |    408 |   2 |  305.5 |
               +--------+--------+--------+--------+--------+-----+--------+

Top non-repeatable levels by time:
     D:1: 448 daAuts
     D:2: 163 daAuts
